Map: Winter's Gate LE

Players

LiquidTLO (TLO)

  • Race: Zerg Zerg
  • League: Master
  • Spawn Location: 5:00

LiquidTaeJa (TaeJa) - Winner!

  • Race: Terran Terran
  • League: Master
  • Spawn Location: 11:00

Event: HomeStory Cup XX

VOD

Have the link to the VOD?

Description

Time

  • Played on: Nov. 21, 2019, 5:34 a.m.
  • Length: 15:48

All games in this series

Show
View Real Time Build Order
Export as new Build Order

LiquidTLO Zerg 

Build Orders: Hatch First, Lurkers 

Get SALT Encoding   

  12  0:00  Drone  
  13  0:12  Overlord  
  13  0:16  Drone  
  14  0:31  Drone x2  
  16  0:47  Hatchery  
  15  0:51  Drone  
  15  0:55  Drone  
  17  0:59  Drone  
  18  1:05  Extractor  
  17  1:13  Spawning Pool  
  17  1:16  Drone  
  17  1:20  Drone  
  18  1:28  Drone  
  19  1:39  Drone  
  20  1:49  Overlord  
  20  2:00  Queen x2  
  24  2:01  Zergling x4  
  24  2:07  Metabolic Boost  
  26  2:11  Drone  
  26  2:12  Drone  
  28  2:21  Drone  
  29  2:28  Extractor  
  28  2:31  Drone  
  29  2:37  Hatchery, Drone  
  29  2:39  Extractor  
  29  2:43  Drone  
  29  2:45  Drone  
  31  2:51  Extractor  
  31  2:52  Queen  
  31  2:56  Overlord  
  32  2:58  Drone  
  32  3:00  Drone  
  32  3:04  Zergling x2  
  32  3:05  Zergling x2  
  36  3:12  Extractor  
  36  3:13  Overlord  
  36  3:16  Drone  
  38  3:20  Drone  
  38  3:22  Drone x2  
  38  3:26  Overlord  
  41  3:27  Drone  
  41  3:32  Roach Warren  
  41  3:35  Drone  
  41  3:37  Drone x2  
  41  3:40  Drone  
  46  3:48  Drone  
  46  3:51  Overlord  
  46  3:55  Overlord  
  46  3:56  Drone  
  46  3:57  Extractor  
  46  3:58  Drone, Overlord  
  47  4:06  Overlord  
  47  4:16  Roach x6  
  59  4:18  Roach  
  59  4:22  Roach  
  59  4:24  Roach  
  65  4:26  Roach  
  65  4:29  Roach  
  65  4:30  Zergling x2  
  69  4:34  Drone  
  69  4:35  Drone x2  
  69  4:38  Roach  
  74  4:39  Roach  
  74  4:44  Roach  
  74  4:45  Overlord  
  78  4:48  Zergling x2  
  78  4:51  Zergling x4  
  78  4:52  Zergling x2  
  81  4:53  Zergling x2  
  81  4:54  Zergling x2  
  81  4:56  Zergling x2  
  81  4:57  Zergling x2  
  81  4:59  Zergling x2  
  86  5:03  Zergling x4  
  86  5:04  Zergling x2  
  86  5:06  Zergling x4  
  91  5:08  Ravager  
  91  5:10  Ravager  
  91  5:12  Zergling x6  
  94  5:23  Zergling x4  
  94  5:24  Zergling x2  
  94  5:25  Zergling x4  
  97  5:29  Zergling x2  
  97  5:31  Zergling x4  
  95  5:37  Zergling x4  
  95  5:38  Zergling x2  
  95  5:42  Zergling x2  
  91  5:43  Zergling x2  
  91  5:44  Zergling x4  
  91  5:45  Roach x2  
  91  5:46  Roach  
  91  5:48  Roach  
  97  5:53  Drone  
  97  5:54  Drone x2  
  97  5:55  Drone  
  90  6:02  Lair, Evolution Chamber x2  
  90  6:03  Roach  
  84  6:05  Ravager  
  84  6:06  Drone  
  84  6:07  Drone  
  84  6:10  Drone  
  87  6:16  Drone  
  87  6:17  Drone  
  77  6:19  Drone  
  78  6:26  Extractor  
  78  6:27  Extractor, Drone  
  78  6:31  Drone x2  
  79  6:34  Zerg Ground Armor Level 1  
  79  6:38  Drone x2  
  81  6:40  Hatchery  
  81  6:41  Drone  
  81  6:51  Drone  
  81  6:53  Spore Crawler, Drone  
  82  6:55  Extractor, Zerg Missile Weapons Level 1  
  82  6:57  Extractor, Roach  
  82  7:00  Roach  
  83  7:02  Roach  
  83  7:03  Roach  
  83  7:05  Roach  
  83  7:07  Overlord  
  89  7:09  Overlord  
  89  7:12  Overlord  
  89  7:14  Glial Reconstitution  
  89  7:17  Overlord, Roach  
  89  7:19  Roach  
  93  7:24  Ravager  
  93  7:26  Roach  
  93  7:27  Roach  
  93  7:29  Drone x2  
  100  7:31  Drone, Roach  
  100  7:32  Roach x2  
  100  7:34  Drone x2  
  108  7:38  Ravager  
  108  7:41  Roach  
  111  7:44  Drone x2  
  111  7:46  Roach x2  
  111  7:47  Roach  
  111  7:48  Ravager  
  111  7:51  Drone x3  
  123  7:52  Roach  
  123  7:55  Roach  
  123  7:56  Roach  
  128  7:58  Roach  
  128  8:03  Roach  
  128  8:04  Roach  
  132  8:06  Roach  
  132  8:08  Roach  
  132  8:15  Drone x4  
  132  8:17  Overlord  
  132  8:19  Overlord  
  136  8:20  Infestation Pit  
  136  8:22  Overlord  
  135  8:27  Overlord  
  135  8:31  Zerg Ground Armor Level 2  
  135  8:32  Overlord  
  134  8:38  Roach  
  134  8:41  Roach x2  
  136  8:42  Roach  
  136  8:43  Ravager x3  
  136  8:44  Ravager  
  136  8:46  Queen  
  136  8:47  Roach  
  148  8:49  Roach x2  
  148  8:54  Roach  
  148  8:55  Roach  
  155  8:57  Roach  
  155  8:58  Roach  
  155  8:59  Roach  
  155  9:01  Roach  
  163  9:06  Drone x2  
  163  9:07  Overlord  
  163  9:09  Drone x3  
  168  9:14  Hive  
  168  9:18  Overlord  
  168  9:22  Overlord  
  168  9:26  Roach  
  168  9:27  Extractor, Roach  
  168  9:29  Roach x2  
  168  9:30  Extractor  
  168  9:32  Overlord  
  168  9:36  Roach x2  
  168  9:37  Zerg Missile Weapons Level 2  
  170  9:40  Drone  
  170  9:43  Hydralisk Den, Roach  
  170  9:44  Roach  
  174  9:46  Roach  
  174  9:50  Ravager x3  
  174  9:52  Roach  
  181  9:54  Roach  
  181  9:56  Roach x3  
  189  10:05  Roach  
  189  10:06  Roach x3  
  191  10:07  Drone  
  191  10:08  Drone  
  191  10:09  Drone  
  191  10:13  Lurker Den, Roach x2  
  197  10:15  Roach  
  197  10:17  Roach  
  199  10:26  Overlord  
  195  10:31  Viper  
  195  10:35  Spore Crawler, Viper  
  200  10:40  Overlord  
  200  10:42  Overlord  
  200  10:47  Roach  
  200  10:49  Overlord  
  193  10:51  Zerg Ground Armor Level 3  
  193  10:55  Viper  
  192  10:59  Seismic Spines  
  192  11:04  Overlord  
  190  11:09  Overlord  
  190  11:14  Hydralisk  
  190  11:15  Hydralisk x3  
  190  11:16  Overlord  
  196  11:18  Spore Crawler x3  
  196  11:20  Drone x2  
  196  11:21  Drone x2, Spine Crawler  
  196  11:24  Spine Crawler  
  184  11:28  Hydralisk x3  
  190  11:33  Queen  
  190  11:38  Hydralisk  
  192  11:41  Queen x2  
  192  11:45  Lurker x2  
  192  11:46  Lurker  
  199  11:54  Zerg Missile Weapons Level 3  
  199  11:58  Lurker  
  200  12:14  Spore Crawler, Adaptive Talons  
  200  12:15  Spore Crawler x2  
  197  12:27  Lurker x2  
  197  12:28  Lurker  
  200  12:33  Overlord  
  200  12:37  Grooved Spines  
  200  12:39  Overlord  
  193  13:00  Hydralisk x3  
  193  13:02  Hydralisk  
  189  13:06  Hydralisk x2  
  189  13:09  Hydralisk x2  
  189  13:11  Lurker  
  189  13:12  Hydralisk  
  197  13:13  Hydralisk  
  199  13:23  Hydralisk  
  199  13:24  Hydralisk  
  197  13:38  Hydralisk  
  196  13:49  Muscular Augments  
  192  13:56  Hydralisk  
  192  13:58  Lurker x4  
  192  14:01  Hydralisk  
  198  14:12  Hatchery  
  169  14:20  Hydralisk x6  
  169  14:23  Hydralisk x3  
  147  14:34  Hydralisk x3  
  126  14:43  Hydralisk x3  
  120  14:53  Hydralisk x2  
  120  14:56  Queen x2  
  124  15:01  Hydralisk  
  124  15:04  Hydralisk x3  
  124  15:06  Queen  
  134  15:13  Lurker  
  135  15:15  Zergling x2  
  135  15:19  Hydralisk x2  
  135  15:20  Hatchery  
Show
View Real Time Build Order
Export as new Build Order

LiquidTaeJa Terran - Winner!

Build Orders: Reaper Expand 

Get SALT Encoding   

  12  0:00  SCV  
  13  0:12  SCV  
  14  0:17  Supply Depot  
  14  0:24  SCV  
  15  0:38  SCV  
  15  0:40  Barracks  
  16  0:44  Refinery  
  16  0:50  SCV  
  17  1:03  SCV  
  18  1:15  SCV  
  19  1:27  Orbital Command  
  19  1:28  Reaper  
  20  1:38  Command Center  
  20  1:49  Supply Depot  
  20  1:53  SCV  
  21  2:00  Marine  
  22  2:05  SCV  
  22  2:08  Factory  
  23  2:17  SCV  
  24  2:22  Barracks Reactor  
  24  2:29  SCV  
  25  2:41  Command Center, SCV  
  26  2:52  Orbital Command  
  26  2:53  SCV  
  27  2:59  Starport  
  27  3:04  Refinery  
  27  3:06  SCV  
  28  3:15  Hellion x2  
  28  3:18  SCV  
  28  3:19  SCV  
  34  3:25  Barracks Tech Lab  
  34  3:30  SCV  
  34  3:31  SCV  
  36  3:38  Hellion x2  
  40  3:41  Viking  
  40  3:45  SCV x2  
  44  3:49  Marine  
  44  3:53  Stimpack  
  44  3:54  Orbital Command  
  44  3:57  SCV x2  
  46  4:07  Marine  
  46  4:09  SCV x2  
  49  4:12  Barracks  
  49  4:13  Barracks  
  49  4:14  Starport Reactor, Factory Tech Lab  
  49  4:21  SCV x3  
  52  4:25  Marine  
  52  4:31  Supply Depot  
  53  4:33  Supply Depot, SCV x3  
  53  4:35  Siege Tank  
  59  4:43  Engineering Bay x2  
  59  4:45  SCV x2  
  60  4:52  Marine, SCV  
  63  4:58  Supply Depot  
  63  4:59  Orbital Command  
  63  5:00  Marine x2  
  63  5:04  SCV x2  
  63  5:06  Starport Reactor  
  63  5:07  Bunker  
  67  5:08  Refinery  
  67  5:09  Marine, Bunker  
  67  5:11  Siege Tank  
  67  5:14  Bunker  
  71  5:16  Marine  
  71  5:17  Marine  
  71  5:20  Marine, Supply Depot  
  71  5:21  Marine  
  72  5:30  SCV  
  72  5:31  SCV  
  72  5:34  Marine x2  
  63  5:40  Marine x3  
  56  5:45  Siege Tank  
  55  5:52  Marine x2  
  51  5:57  Marine x2  
  51  5:58  Marine  
  51  5:59  Terran Infantry Weapons Level 1  
  51  6:01  SCV x2  
  51  6:03  Terran Infantry Armor Level 1  
  56  6:10  Marine x2  
  58  6:15  Marine x3  
  58  6:18  SCV x3  
  60  6:28  Marine x2  
  60  6:30  SCV x2  
  60  6:31  Medivac, SCV  
  67  6:33  Marine  
  67  6:36  Marine x2  
  70  6:41  Medivac  
  70  6:42  SCV  
  70  6:43  SCV  
  70  6:46  Refinery  
  76  6:47  SCV  
  77  6:56  Combat Shield, SCV  
  77  6:57  SCV  
  77  6:58  Supply Depot  
  77  6:59  Supply Depot  
  77  7:16  Barracks  
  77  7:17  Barracks  
  77  7:19  Marine x4, Medivac, SCV x2  
  77  7:20  Marine, SCV  
  77  7:22  Supply Depot x2  
  87  7:23  Siege Tank  
  90  7:32  SCV x2  
  90  7:33  SCV  
  92  7:37  Marine  
  92  7:40  Armory  
  92  7:42  Supply Depot  
  92  7:43  Marine x3, Medivac, Supply Depot  
  92  7:44  Marine, SCV x2  
  100  7:48  SCV  
  100  7:51  Medivac  
  104  7:56  SCV x2  
  101  8:01  Marine x2  
  101  8:02  Marine x2  
  101  8:03  Siege Tank  
  108  8:06  Barracks Reactor  
  108  8:08  Barracks Tech Lab  
  108  8:10  SCV  
  108  8:11  Marine, SCV x2  
  109  8:19  Marine x2  
  110  8:21  Refinery  
  110  8:23  SCV  
  110  8:24  SCV x2  
  110  8:25  Supply Depot  
  110  8:26  Marine, Supply Depot  
  110  8:27  Marine x2, Supply Depot  
  115  8:30  Terran Infantry Weapons Level 2  
  117  8:38  SCV x3  
  119  8:41  Terran Infantry Armor Level 2  
  119  8:42  Marine  
  119  8:43  Marine x4  
  119  8:44  Marine  
  119  8:47  Refinery  
  125  8:49  Supply Depot  
  125  8:53  Supply Depot  
  125  8:54  Supply Depot  
  113  9:03  Marine x2  
  113  9:05  Marauder x2  
  113  9:08  Medivac x2  
  113  9:09  Terran Vehicle Weapons Level 1  
  123  9:10  SCV  
  123  9:11  SCV x2  
  123  9:14  Marine x4  
  130  9:23  SCV  
  131  9:24  Command Center, Siege Tank  
  133  9:38  Marine x2, Medivac x2  
  131  9:39  Marauder x2, Marine x3  
  140  9:48  Supply Depot  
  140  9:49  Supply Depot  
  140  9:52  Marine  
  140  9:56  Marine, SCV x3  
  140  10:08  Medivac, SCV  
  140  10:11  Marine x4, Marauder x2  
  140  10:12  Marine  
  152  10:14  Marine  
  152  10:16  Siege Tank  
  152  10:18  Factory  
  153  10:29  Marine x2, Concussive Shells  
  153  10:30  Marine  
  153  10:33  Marauder x2, Supply Depot  
  153  10:34  Supply Depot  
  160  10:42  SCV x2  
  150  10:50  Sensor Tower  
  150  10:51  Marine x2  
  150  10:54  Marauder x2  
  150  10:56  Terran Infantry Weapons Level 3  
  153  10:57  SCV x3  
  153  11:02  Marine x2  
  155  11:05  Factory Tech Lab  
  155  11:06  Siege Tank  
  155  11:07  Planetary Fortress  
  157  11:12  SCV x2  
  157  11:14  Marine x3  
  157  11:16  Marauder  
  164  11:19  Marine, Marauder  
  164  11:20  Marine  
  164  11:24  Siege Tank  
  170  11:27  Marine  
  171  11:37  Marauder  
  171  11:39  Marine x3  
  175  11:41  Marauder  
  175  11:42  Siege Tank  
  175  11:44  Terran Infantry Armor Level 3  
  180  11:48  Marine x2  
  180  11:49  Medivac x2  
  180  11:53  Refinery x2  
  186  11:57  Command Center  
  186  12:02  Missile Turret  
  186  12:04  Marine x2  
  186  12:05  Sensor Tower, Terran Vehicle Weapons Level 2  
  188  12:14  Marauder x2  
  192  12:23  Barracks  
  192  12:24  Barracks  
  192  12:26  Barracks  
  192  12:27  Marine x2  
  192  12:29  Siege Tank x2  
  200  12:40  Command Center  
  200  12:42  Ghost Academy  
  200  13:04  Marine, Marauder  
  200  13:08  Orbital Command  
  200  13:11  Marine x2  
  200  13:12  Marine x2  
  195  13:27  Marine x3  
  183  13:29  SCV x3  
  183  13:30  Marine x2, Marauder x2  
  195  13:36  Sensor Tower  
  195  13:44  Supply Depot x2  
  195  13:47  SCV  
  195  13:50  SCV  
  195  13:51  SCV  
  195  13:54  Planetary Fortress  
  191  13:55  Orbital Command  
  191  13:58  Command Center  
  191  13:59  Command Center  
  189  14:04  Refinery, Marine x2  
  189  14:05  Marauder x2  
  189  14:07  Marine x3  
  198  14:13  Marine x3  
  198  14:16  Marine  
  191  14:22  Marine x2  
  173  14:26  Marauder x2  
  173  14:30  Marine x2  
  171  14:36  Marine x2  
  163  14:41  SCV  
  163  14:42  SCV x3  
  145  14:47  Marauder x2  
  145  14:49  Marine x2  
  140  14:55  Siege Tank  
  140  14:57  Marine  
  139  15:01  Marine x3  
  139  15:03  Barracks Reactor  
  137  15:09  Marauder x2  
  141  15:15  Orbital Command  
  141  15:27  Marine x3  
Tags
 
Add a new tag
Caveats
  • Supply blocks, unpowered buildings, or Contaminate may cause inaccurate times.
  • Supply counts are checked every 10 seconds.